 Dungeon Crawl Stone Soup version 0.31.0-11-ge490571c62 (webtiles) character file.

Game seed: 15320152323771997045

2713 booth the Cleaver (level 9, -1/81 HPs)
             Began as a Minotaur Fighter on Feb 8, 2024.
             Was a Priest of Fedhas.
             Blown up by Maurice (9 damage)
             ... with a mindburst bolt
             ... on level 7 of the Dungeon.
             The game lasted 00:30:43 (5645 turns).

booth the Cleaver (Minotaur Fighter)                Turns: 5645, Time: 00:30:43

Health: -1/81      AC: 13    Str: 20    XL:     9   Next: 39%
Magic:  7/11       EV:  9    Int:  9    God:    Fedhas [***...]
Gold:   0          SH:  5    Dex: 17    Spells: 8/8 levels left

rFire   . . .        a - +1 war axe
rCold   . . .        c - +0 buckler
rNeg    . . .        b - +0 scale mail
rPois   .            (helmet restricted)
rElec   .            (no cloak)
rCorr   .            B - +0 pair of gloves
SInv    .            (no boots)
Will    .....        (no amulet) Stlth
                     h - +4 ring of protection
HPRegen 0.33/turn    u - +6 ring of dexterity
MPRegen 0.12/turn

%: no passive effects
@: lethally poisoned (-1 -> -4)
A: horns 2, retaliatory headbutt
a: Renounce Religion, Wall of Briars, Grow Ballistomycete


You were on level 7 of the Dungeon.
You worshipped Fedhas.
Fedhas was most pleased with you.
You visited 1 branch of the dungeon, and saw 7 of its levels.

Inventory:

Hand Weapons
 a - a +1 war axe (weapon)
Missiles
 g - 4 poisoned darts (quivered)
 o - 5 curare-tipped darts
Armour
 b - a +0 scale mail (worn)
 c - a +0 buckler (worn)
 B - a +0 pair of gloves (worn)
Jewellery
 h - a +4 ring of protection (left hand)
 u - a +6 ring of dexterity (right hand)
Wands
 k - a wand of flame (38)
 t - a wand of polymorph (8)
 z - a wand of digging (5)
Scrolls
 f - 2 scrolls of teleportation
 i - a scroll of fog
 p - 2 scrolls of summoning
 r - a scroll of poison
 w - a scroll of fear
 x - a scroll of revelation {unknown}
 y - 2 scrolls of blinking {unknown}
Potions
 d - a potion of might
 e - 2 potions of curing
 j - a potion of ambrosia {unknown}
 m - 2 potions of mutation
 q - a potion of attraction
 A - 3 potions of brilliance {unknown}
 C - a potion of enlightenment {unknown}


   Skills:
 + Level 8.0 Fighting
 * Level 10.2 Axes
 + Level 8.0 Armour
 - Level 3.9 Shields
 + Level 4.8 Invocations


You had 8 spell levels left.
You didn't know any spells.
Your spell library contained the following spells:

 Spells                   Type           Power      Damage    Failure   Level
 Sandblast                Erth           0%         2d4       77%         1
 Mercury Vapours          Alch/Air       0%         N/A       88%         2
 Mephitic Cloud           Conj/Alch/Air  0%         N/A       98%         3
 Passwall                 Erth           0%         N/A       98%         3
 Stone Arrow              Conj/Erth      0%         3d7       98%         3
 Brom's Barrelling Bould  Conj/Erth      0%         2d3       100%        4
 Freezing Cloud           Conj/Ice/Air   0%         6-21      100%        5


Dungeon Overview and Level Annotations

Branches:
Dungeon (7/15)             Temple (0/1) D:4

Altars:
Fedhas
Hepliaklqana
Trog
Wu Jian

Annotations:
D:7 3 runed translucent doors, Maurice; lupinibeans's ghost, novice HuBe


Innate Abilities, Weirdness & Mutations

You have a pair of horns on your head.
You reflexively headbutt those who attack you in melee.


Message History

Something bites you but does no damage.
You don't have enough magic at the moment.
Unknown command.
You feel better. Something hits you but does no damage.
Something bites you but does no damage.
You fade into invisibility!
You hear a zap.
Something tries to affect you, but you resist.
You feel yourself speed up. Something hits you.
* * * LOW HITPOINT WARNING * * *
Something grunts, "Curses!"
You block something's attack.
You hear a zap.
Your mind is blasted!
* * * LOW HITPOINT WARNING * * *
A poisoned dart appears from out of thin air!
You hear a zap.
Something tries to affect you, but you resist.
You hear a zap.
You hear a zap.
You see here a +0 leather armour.
You flicker for a moment.
You flicker back into view.
Your extra speed is starting to run out.
Found a stone staircase leading down.
You feel yourself slow down.
Maurice zaps a wand.
Your mind is blasted!
* * * LOW HITPOINT WARNING * * *
Maurice mumbles some strange words.
Maurice blinks!
Maurice throws a poisoned dart.
The poisoned dart hits you!
You are poisoned.
There is a stone staircase leading down here.
You feel sick.
You feel sick.
There is a stone staircase leading down here.
You can't go up here!
You feel sick.
Maurice zaps a wand.
Your mind is blasted!
You die...
Fedhas appreciates your contribution to the ecosystem.

#'.....'##..#
..#####...#.#
#.#...#.#...##
#.'...#....f.##
..#..(#.......###
..#####...#.....###
##
#'.....)##.........
..
.#.#...#)#......###.#
##.....###......@...#
..#...#...#.....#####
........#.......#
................#
.##....##########
.##.#.##


You could see Maurice.

Vanquished Creatures
  Maggie (D:7)
  Eustachio (D:5)
  A water moccasin (D:6)
  3 ice beasts
  2 sky beasts
  2 black bears
  2 ogres
  A centaur (D:7)
  A phantom (D:4)
  2 bullfrogs (D:7)
  A kobold brigand (D:6)
  3 scorpions
  3 howler monkeys (D:7)
  2 bombardier beetles
  3 jellies
  2 orc priests
  A hound (D:4)
  4 iguanas
  3 orc wizards
  8 gnolls
  9 adders
  A shadow imp (D:7)
  2 white imps
  6 ufetubi
  A dart slug (D:2)
  A ribbon worm (D:3)
  14 orcs
  8 endoplasms
  2 giant cockroaches
  8 goblins
  11 hobgoblins
  7 jackals (D:1)
  A quokka (D:4)
  2 ball pythons (D:4)
  6 bats
  A frilled lizard (D:3)
  11 kobolds
  8 rats
145 creatures vanquished.

Vanquished Creatures (others)
  A phantom (D:4)
  A sleepcap (D:7)
  An endoplasm (D:4)
3 creatures vanquished.

Grand Total: 148 creatures vanquished

Notes
Turn   | Place    | Note
-------+----------+-------------------------------------------
     0 | D:1      | booth the Minotaur Fighter began the quest for the Orb.
     0 | D:1      | Reached XP level 1. HP: 19/19 MP: 0/0
    17 | D:1      | Reached XP level 2. HP: 18/27 MP: 1/1
   206 | D:1      | Reached skill level 3 in Axes
   220 | D:1      | Reached XP level 3. HP: 29/33 MP: 2/2
   788 | D:2      | Reached skill level 4 in Axes
   788 | D:2      | Reached XP level 4. HP: 41/41 MP: 3/3
  1380 | D:3      | Reached XP level 5. HP: 34/47 MP: 4/4
  1481 | D:3      | Found a bloodstained altar of Trog.
  1643 | D:3      | Found a faded altar of an unknown god.
  1656 | D:3      | Reached skill level 5 in Axes
  1660 | D:3      | Prayed at the altar of an unknown god.
  1660 | D:3      | Became a worshipper of Fedhas Madash
  1660 | D:3      | Reached * piety under Fedhas
  1994 | D:3      | Identified the +6 spear of a Labyrinth {holy, +Blink Str-3
                  | Int+6 SInv}
  2374 | D:4      | Found a staircase to the Ecumenical Temple.
  2427 | D:4      | Found a hazy altar of Hepliaklqana.
  2628 | D:4      | Noticed an ogre
  2640 | D:4      | Killed an ogre
  2641 | D:4      | Reached skill level 5 in Fighting
  2641 | D:4      | Reached skill level 5 in Armour
  2641 | D:4      | Reached XP level 6. HP: 56/56 MP: 5/5
  2700 | D:4      | Reached skill level 6 in Axes
  2702 | D:4      | Reached ** piety under Fedhas
  2718 | D:4      | Reached skill level 1 in Invocations
  2889 | D:4      | Reached XP level 7. HP: 61/61 MP: 5/7
  3222 | D:5      | Entered Level 5 of the Dungeon
  3288 | D:5      | Identified the +6 quarterstaff "Xofih" {venom, rElec Str+6
                  | Dex-5}
  3444 | D:5      | Reached skill level 7 in Axes
  3653 | D:5      | Noticed Eustachio
  3675 | D:5      | Killed Eustachio
  3676 | D:5      | Reached XP level 8. HP: 54/71 MP: 8/8
  3959 | D:5      | Reached skill level 8 in Axes
  4508 | D:6      | Reached *** piety under Fedhas
  4814 | D:6      | Reached skill level 9 in Axes
  4941 | D:6      | Found an ornate altar of the Wu Jian Council.
  5044 | D:7      | Reached XP level 9. HP: 74/79 MP: 11/11
  5095 | D:7      | Noticed lupinibeans's ghost (novice HuBe)
  5125 | D:7      | Found a runed translucent gate.
  5125 | D:7      | Found a runed translucent gate.
  5125 | D:7      | Found a runed translucent gate.
  5369 | D:7      | Noticed Maggie
  5383 | D:7      | Killed Maggie
  5384 | D:7      | Reached skill level 10 in Axes
  5541 | D:7      | Noticed Maurice
  5554 | D:7      | Maurice stole a +1 flail of holy wrath
  5558 | D:7      | Something stole 310 gold
  5645 | D:7      | Blown up by Maurice

Illustrated notes

Levels and vault maps discovered:
D:1:      onia_arrival_pyramid, layout_rooms
D:2:      layout_rooms, serial_corexii_hall, corexii_hall_statues_t,
          corexii_hall_statues_l, corexii_hall_statues_x,
          corexii_hall_statues_x, chequers_hall_statues_wall_a,
          corexii_hall_statues_s, kennysheep_nub
D:3:      layout_basic, mainiacjoe_overflow_concentric_impassable,
          hellmonk_ecumenical_altar_zigzags
D:4:      layout_gridville, mainiacjoe_overflow_alcove_1,
          minmay_temple_entry_hall
D:5:      layout_cave_pools, grunt_ministairs_9, uniq_eustachio
D:6:      layout_basic, nzn_wu_jian_council_hall
D:7:      layout_loops_ring, gammafunk_ghost_icy,
          minmay_fractal_squares_diagonal_5, uniq_maurice, uniq_maggie,
          uniq_menkaure

Skill      XL: |  1  2  3  4  5  6  7  8  9 |
---------------+----------------------------+-----
Axes           | 3 4 5 6 7 9 10 | 10.2
Armour         | 4 5 6 7 8 |  8.0
Fighting       | 4 5 6 7 8 |  8.0
Invocations    | 1 2 4 |  4.8
Shields        | |  3.9

Action                     |  1- 3 |  4- 6 |  7- 9 || total
---------------------------+-------+-------+-------++-------
  Melee: War axe           |    59 |   116 |   216 ||   391
         Headbutt          |    10 |    20 |    48 ||    78
  Throw: Boomerang         |       |     5 |    27 ||    32
         Dart              |       |       |     9 ||     9
    Use: Scroll            |     2 |     7 |     5 ||    14
         Potion            |     1 |       |     5 ||     6
 Armour: Scale mail        |    48 |    75 |   193 ||   316
  Dodge: Dodged            |    39 |    57 |    93 ||   189
  Block: Buckler           |    13 |    16 |    66 ||    95
